 Dungeon Crawl Stone Soup version 0.30.1-11-g7821555f0a (webtiles) character file.

Game seed: 821775445372688702

252 diealot the Chiller (level 5, -1/28 HPs)
             Began as a Deep Elf Ice Elementalist on Nov 17, 2023.
             Slain by a phantom (5 damage)
             ... on level 4 of the Dungeon.
             The game lasted 00:26:01 (3491 turns).

diealot the Chiller (Deep Elf Ice Elementalist)     Turns: 3491, Time: 00:26:02

Health: -1/28      AC:  3    Str:  5    XL:     5   Next: 89%
Magic:  7/14       EV: 13    Int: 28    God:
Gold:   230        SH:  0    Dex: 15    Spells: 12/13 levels left

rFire   . . .        F - +4 flail
rCold   . . .        (no shield)
rNeg    . . .        a - +0 robe
rPois   .            (no helmet)
rElec   .            (no cloak)
rCorr   .            (no gloves)
SInv    .            w - +0 pair of boots
Will    .....        (no amulet)
Stlth   +++          q - +6 ring of intelligence
HPRegen 0.24/turn    (no ring)
MPRegen 0.14/turn

%: no passive effects
@: no status effects
A: no striking features
a: no special abilities


You were on level 4 of the Dungeon.
You visited 2 branches of the dungeon, and saw 5 of its levels.

You collected 230 gold pieces.

Inventory:

Hand Weapons
 F - a +4 flail (weapon)
Missiles
 r - 4 curare-tipped darts (quivered)
Armour
 a - a +0 robe (worn)
 w - a +0 pair of boots (worn)
Magical Staves
 i - a staff of poison
Jewellery
 h - an amulet of the acrobat
 q - a +6 ring of intelligence (left hand)
 C - a ring of protection from cold
Wands
 l - a wand of charming (13)
Scrolls
 d - 2 scrolls of teleportation {unknown}
 e - 10 scrolls of identify {unknown}
 f - 3 scrolls of fear {unknown}
 g - a scroll of enchant armour {unknown}
 k - 2 scrolls of immolation {unknown}
 n - a scroll of magic mapping {unknown}
 s - a scroll of blinking {unknown}
 x - a scroll of fog {unknown}
 y - a scroll of silence {unknown}
 z - a scroll of poison {unknown}
 B - a scroll of brand weapon {unknown}
Potions
 b - 2 potions of magic
 c - a potion of lignification {unknown}
 j - a potion of curing {unknown}
 m - 2 potions of resistance {unknown}
 o - a potion of invisibility {unknown}
 p - a potion of ambrosia {unknown}
 u - a potion of heal wounds {unknown}
 A - a potion of flight {unknown}
 D - a potion of degeneration {unknown}
 E - a potion of haste {unknown}


   Skills:
 + Level 4.2 Dodging
 + Level 4.5 Stealth
 + Level 4.8 Spellcasting
 + Level 5.4 Ice Magic


You had 12 spell levels left.
You knew the following spells:

 Your Spells              Type           Power      Damage    Failure   Level
a - Freeze                Ice            100%       1d10      1%          1

Your spell library contained the following spells:

 Spells                   Type           Power      Damage    Failure   Level
 Frozen Ramparts          Ice            74%        1d12      2%          3
 Ozocubu's Armour         Ice            37%        N/A       2%          3
 Hailstorm                Conj/Ice       22%        3d7       7%          3
 Ignite Poison            Fire/Tmut/Pois 6%         N/A       21%         3
 Summon Guardian Golem    Hex/Summ       6%         N/A       21%         3
 Summon Ice Beast         Ice/Summ       22%        N/A       22%         4
 Sticky Flame             Conj/Fire      6%         2d3       56%         4
 Ignition                 Fire           3%         3d4       100%        8


Dungeon Overview and Level Annotations

Branches:
Dungeon (4/15)             Temple (1/1) D:4

Altars:
Ashenzari
Fedhas
Gozag
Kikubaaqudgha
Makhleb
Nemelex Xobeh
Okawaru
Qazlal
Vehumet
Yredelemnul
Zin
The Shining One


Message History

Press: ? - help, Q - select action, (/) - cycle Shift-Dir - straight line, f/p - phantom
Aim: a phantom (lightly damaged, 46% to hit, immune)
You throw an atropa-tipped dart.
The atropa-tipped dart misses the phantom.
The gnoll shouts! x2; You hear a shout!
A scorpion comes into view.
The phantom hits you but does no damage.
A gnoll comes into view. It is wielding a +0 club.
Throw: 3 darts (atropa)
Press: ? - help, Q - select action, (/) - cycle Shift-Dir - straight line, f/p - phantom
Aim: a phantom (lightly damaged, 46% to hit, immune)
You throw an atropa-tipped dart.
The atropa-tipped dart hits the phantom.
The phantom is unaffected.
The phantom is lightly damaged.
The phantom hits you.
Throw: 2 darts (atropa)
Press: ? - help, Q - select action, (/) - cycle Shift-Dir - straight line, f/p - phantom
Aim: a phantom (lightly damaged, 46% to hit, immune)
You throw an atropa-tipped dart.
The atropa-tipped dart hits the phantom.
The phantom is unaffected.
The phantom is lightly damaged.
The phantom hits you.
* * * LOW HITPOINT WARNING * * *
The phantom blinks!
You blink.
Throw: dart (atropa)
Press: ? - help, Q - select action, (/) - cycle Shift-Dir - straight line, f/p - phantom
Aim: a phantom (lightly damaged, 46% to hit, immune)
You throw an atropa-tipped dart.
The atropa-tipped dart barely misses the phantom.
The phantom hits you.
* * * LOW HITPOINT WARNING * * *
Throw: 5 darts (curare)
Press: ? - help, Q - select action, (/) - cycle Shift-Dir - straight line, f/p - phantom
Aim: a phantom (lightly damaged, 46% to hit)
You throw a curare-tipped dart.
The curare-tipped dart barely misses the phantom.
The phantom hits you.
You die...

#.# .#.##..
########.#############.#.....
..................(........ .
########.####...........$....
..# #.# #.......§.g#.g... ..#
#.# #........g.s..... ..# #)#
#........[###gs..
..######.####.........# .
..#.........#...@..[..#
..#.........#...W.....#
..#.........#...(.....#
###..†......#######'###
..+..)......# #.#
###.........## ###.#
########.....# #...#
.......#.....# #.#######
######.#.....# #........


You could see a phantom, a scorpion and 2 gnolls.

Vanquished Creatures
  A scorpion (D:4)
  Jessica (D:3)
  An iguana (D:4)
  4 adders
  6 dart slugs
  10 orcs
  9 ball pythons
  6 bats
  4 endoplasms
  3 giant cockroaches
  10 goblins
  9 hobgoblins
  6 kobolds
  A quokka (D:1)
  3 frilled lizards (D:1)
  4 rats
78 creatures vanquished.

Notes
Turn   | Place    | Note
-------+----------+-------------------------------------------
     0 | D:1      | diealot the Deep Elf Ice Elementalist began the quest for
                  | the Orb.
     0 | D:1      | Reached XP level 1. HP: 10/10 MP: 6/6
   230 | D:1      | Reached XP level 2. HP: 15/15 MP: 6/8
   793 | D:1      | Reached XP level 3. HP: 19/19 MP: 8/10
  1283 | D:1      | You fall into a shaft and drop 1 floor!
  1706 | D:2      | Found a faded altar of an unknown god.
  1933 | D:2      | Reached XP level 4. HP: 16/24 MP: 5/11
  2322 | D:2      | Got the Anthology of the Bright Maleficium
  2421 | D:3      | Reached skill level 5 in Ice Magic
  2518 | D:3      | Noticed Jessica
  2535 | D:3      | Killed Jessica
  2996 | D:4      | Reached XP level 5. HP: 10/28 MP: 9/13
  3132 | D:4      | Found a staircase to the Ecumenical Temple.
  3154 | Temple   | Entered the Ecumenical Temple
  3473 | D:4      | Noticed a phantom
  3491 | D:4      | Slain by a phantom

Illustrated notes

Levels and vault maps discovered:
D:1:      minmay_arrival_split_and_join, layout_basic
D:2:      layout_rooms, hellmonk_ecumenical_altar_zigzags
D:3:      layout_rooms, uniq_jessica
D:4:      cheibrodos_barr_body, layout_basic, minmay_temple_entry_arrows
Temple:   nicolae_temple_x_marks_the_god

Skill      XL: |  1  2  3  4  5 |
---------------+----------------+-----
Stealth        | 3 4 |  4.5
Dodging        | 3 4 |  4.2
Spellcasting   | 4 |  4.8
Ice Magic      | 5 |  5.4

Action                     |  1- 3 |  4- 6 || total
---------------------------+-------+-------++-------
  Melee: Unarmed           |     5 |       ||     5
         War axe           |       |     4 ||     4
  Throw: Dart              |       |    15 ||    15
   Cast: Freeze            |    66 |    72 ||   138
   Stab: Sleeping          |       |     1 ||     1
 Armour: Robe              |    13 |    10 ||    23
  Dodge: Dodged            |    35 |    33 ||    68
